 Dungeon Crawl Stone Soup version 0.20.1-1-g8b1a95d (webtiles) character file.

101308 vatarom the Formicid Catastrophe (level 16, -6/127 HPs)
             Began as a Formicid Fighter on Sept 10, 2017.
             Was an Elder of Qazlal.
             Mangled by Asterion
             ... wielding a +3 demon whip of draining
              (7 damage)
             ... on level 1 of the Spider Nest.
             The game lasted 00:59:01 (28644 turns).

vatarom the Formicid Catastrophe (FoFi)            Turns: 28644, Time: 00:59:02

Health: -6/127     AC: 17    Str: 23    XL:     16   Next: 82%
Magic:  20/27      EV:  5    Int: 10    God:    Qazlal [****..]
Gold:   1416       SH:  0    Dex: 15    Spells: 15/15 levels left

rFire    . . .     SeeInvis +   d - +6 broad axe (chop)
rCold    . . .     Gourm    .   X - +1 large shield
rNeg     . . .     Faith    +   N - +0 plate armour
rPois    +         Spirit   .   (helmet unavailable)
rElec    .         Reflect  .   (no cloak)
rCorr    .         Harm     .   J - +0 pair of gloves
MR       +....                  M - +0 pair of boots
Stlth    ..........             p - amulet of faith
Regen    0.4/turn               y - ring of poison resistance
MPRegen  0.2/turn               w - +2 ring of strength

@: held, drained, repel missiles
A: permanent stasis, dig shafts and tunnels, four strong arms, antennae 3, beak,
talons 1
a: Dig, Shaft Self, Upheaval, Elemental Force, Renounce Religion


You were on level 1 of the Spider Nest.
You worshipped Qazlal.
Qazlal was greatly pleased with you.
You were not hungry.

You visited 4 branches of the dungeon, and saw 23 of its levels.
You also visited: Sewer.

You collected 1656 gold pieces.
You spent 240 gold pieces at shops.

Inventory:

Hand Weapons
 d - a +6 broad axe of chopping (weapon)
Missiles
 j - 2 javelins of returning
 E - 4 javelins
 P - an exploding tomahawk (quivered)
 S - 7 tomahawks
 U - 3 poisoned javelins
Armour
 J - a +0 pair of gloves (worn)
 M - a +0 pair of boots (worn)
 N - a +0 plate armour (worn)
 X - a +1 large shield (worn)
Jewellery
 a - an uncursed ring of positive energy
 p - an amulet of faith (around neck)
 w - a +2 ring of strength (right hand)
 y - a ring of poison resistance (left hand)
 G - an uncursed ring of ice
 R - an uncursed ring of positive energy
Wands
 m - a wand of flame (25/48)
 o - a wand of lightning (4/15)
 u - a wand of lightning (0/15)
 B - a wand of iceblast (0/15)
 F - a wand of acid (0/15)
 K - a wand of digging (18/24)
 L - a wand of disintegration (0/24)
 O - a wand of digging (18/24)
 Q - a wand of clouds (0/9)
Scrolls
 b - a scroll of enchant armour
 i - 19 scrolls of identify
 l - a scroll of brand weapon
 n - 12 scrolls of remove curse
 q - 8 scrolls of amnesia
 t - a scroll of vulnerability
 z - a scroll of summoning
Potions
 r - a potion of magic
 s - a potion of brilliance
 v - a potion of cancellation
 x - a potion of ambrosia
 C - 2 potions of lignification
 H - a potion of agility
 I - a potion of resistance
 T - 2 potions of might
 W - a potion of flight
Comestibles
 f - 14 bread rations
 h - 19 royal jellies
 k - 9 meat rations
 A - 2 fruits


   Skills:
 - Level 11.7(10.9) Fighting
 * Level 13.4(12.5) Axes
 - Level 9.4(8.5) Throwing
 - Level 11.7(10.9) Armour
 - Level 7.3(6.5) Dodging
 * Level 12.5(11.6) Shields
 - Level 15.8(14.9) Invocations


You had 15 spell levels left.
You didn't know any spells.

Dungeon Overview and Level Annotations

Branches:
Dungeon (15/15)            Temple (1/1) D:5            Lair (6/6) D:11
  Swamp (0/4) Lair:4       Spider (1/4) Lair:2        Slime (0/5) Lair:5
    Orc (0/2) D:10         Vaults (0/5) D:14         Depths (0/5) D:15

Altars:
Ashenzari
Cheibriados
Dithmenos
Elyvilon
Fedhas
Gozag
Hepliaklqana
Kikubaaqudgha
Makhleb
Nemelex Xobeh
Okawaru
Qazlal
Ru
Sif Muna
Trog
Uskayaw
Vehumet
Xom
Yredelemnul
Zin
The Shining One

Shops:
D:6 ?

Annotations:
Lair:5 exclusion: 3 oklob plants
Spider:1 Asterion


Innate Abilities, Weirdness & Mutations

You cannot be hasted, slowed, berserked, paralysed or teleported.
You can dig through walls and to a lower floor.
Your four strong arms can wield two-handed weapons with a shield.
You have a pair of large antennae on your head. (SInv)
You have a beak for a mouth.
You have sharp toenails.


Message History

Nature churns violently around you!
The blast of magma engulfs the redback.
The redback is almost dead.
The blast of magma engulfs the jumping spider.
You kill the jumping spider!
Qazlal accepts your kill.
The blast of magma engulfs Asterion.
Asterion is heavily wounded.
The blast of ice hits the redback.
You kill the redback!
Qazlal accepts your kill.
The blast of ice hits Asterion.
Asterion is severely wounded.
Asterion is flash-frozen.
You can no longer call upon nature's wrath in a wide area around you.
Asterion says, "Soon your soul will belong to Makhleb."
Asterion hits you with a demon whip of draining!
* * * LOW HITPOINT WARNING * * *
You feel drained.
You die...

##(......###....#.##
#.......##...#..###
##......#....#.!## #..#...
###2..≈#..s.#...# #..#...
#.≈≈......#....# #..#..###
##≈...^...#...##
.....#.####.§≈......#....^
###....#....##H≈......###....
###.###......##@.§§§....[#
#####
##.....#†......##.§§...≈.##
#......#.......#....###≈##
.......#......##....# ##
...............#...####
..............##......#
.............#####....##
...>......^..##........#
^^..........##.......###


You could see Asterion and a redback.

Vanquished Creatures
  Kirke (Lair:6)
  Louise (D:15)
  2 fire dragons (D:15)
  An ice dragon (D:15)
  6 hydras
  A death knight (D:15)
  A catoblepas (Lair:6)
  2 centaur warriors
  17 death yaks
  2 two-headed ogres
  Erica (D:9)
  A deep troll shaman (Lair:6)
  A deep troll earth mage (D:13)
  The ghost of Dominolapin the Skirmisher, a novice OgSu of Elyvilon (D:8)
  A swamp dragon (Lair:4)
  A deep elf archer (D:13)
  2 orc knights
  Pikel (D:9)
  The ghost of manon the Basher, a novice GrFi of Ru (D:6)
  4 wolf spiders (Spider:1)
  A wolf spider zombie (D:14)
  3 lindwurms
  2 deep elf magi (D:13)
  3 orb spiders (Spider:1)
  An oklob plant (Lair:2)
  4 cyclopes
  An ugly thing (D:12)
  2 manticores
  A moth of wrath (Spider:1)
  16 elephants
  Psyche (D:9)
  6 black mambas
  3 torpor snails
  The ghost of Schiappus the Chopper, a novice DsBe of Trog (D:5)
  2 gargoyles
  12 spiny frogs
  A freezing wraith (D:15)
  A kobold demonologist (D:13)
  10 komodo dragons
  2 rime drakes
  2 demonic crawlers (Spider:1)
  The ghost of Wraith the Ruffian, an amateur TrBe of Trog (D:9)
  5 jumping spiders (Spider:1)
  A queen bee (D:10)
  The ghost of Schiappus the Chopper, an amateur DrBe of Trog (D:4)
  6 trolls
  A polar bear (shapeshifter) (D:11)
  11 slime creatures
  7 dream sheep (Lair:4)
  A hornet (D:14)
  17 blink frogs
  2 polar bears
  A meliai zombie (D:13)
  7 hippogriffs
  A centaur simulacrum (D:15)
  4 tarantellas (Spider:1)
  A water elemental (D:11)
  27 redbacks (Spider:1)
  A spriggan (D:8)
  4 wraiths
  2 wyverns
  5 hogs (Lair:6)
  2 basilisks
  2 vampires
  Grum (D:9)
  35 yaks
  The ghost of Schiappus the Chopper, an amateur DsBe of Trog (D:3)
  3 steam dragons
  A hungry ghost (D:14)
  Edmund (D:4)
  16 water moccasins
  10 porcupines
  Duvessa (D:5)
  A hornet zombie (D:10)
  14 orc warriors
  3 sky beasts
  10 ogres
  2 ice beasts
  An eye of draining (D:8)
  4 black bears
  11 centaurs
  15 wolves
  2 phantoms
  10 crocodiles
  2 big kobolds (D:8)
  18 bullfrogs
  A gnoll sergeant (D:8)
  A wyvern zombie (D:7)
  A wyvern skeleton (D:15)
  14 scorpions
  Dowan (D:5)
  27 killer bees
  6 wights
  3 howler monkeys
  3 electric eels
  7 crimson imps
  6 centaur zombies
  5 bullfrog zombies
  2 quasits
  12 orc priests
  A bullfrog skeleton (D:13)
  8 centaur skeletons
  14 hounds
  A jelly (D:8)
  15 orc wizards
  4 iguanas
  10 worker ants
  3 gnolls (D:8)
  2 howler monkey skeletons
  15 adders
  A river rat (D:6)
  2 shadow imps
  2 oozes
  2 worms
  6 dart slugs
  6 leopard geckos
  61 orcs
  15 bats
  4 giant cockroaches
  13 goblins
  9 hobgoblins
  8 jackals
  21 kobolds
  5 quokkas
  5 ball pythons
  A ball python zombie (D:5)
  8 frilled lizards
  A jackal skeleton (D:8)
  A leopard gecko skeleton (D:7)
  12 rats
  A fungus (D:8)
  10 plants
751 creatures vanquished.

Vanquished Creatures (collateral kills)
  Frances (D:12)
  Fannar (Lair:2)
  2 hydras
  3 death yaks (Lair:6)
  4 slime creatures (D:14)
  A bullfrog (D:12)
  3 killer bees
  A wight (D:10)
  An orc (D:12)
17 creatures vanquished.

Vanquished Creatures (others)
  A slave (D:9)
  A scorpion (D:9)
  An iguana (Lair:4)
  11 fungi
  9 plants
  13 toadstools (Lair:4)
36 creatures vanquished.

Grand Total: 804 creatures vanquished

Notes
Turn   | Place    | Note
-------+----------+-------------------------------------------
     0 | D:1      | vatarom the Formicid Fighter began the quest for the Orb.
     0 | D:1      | Reached XP level 1. HP: 18/18 MP: 1/1
    67 | D:1      | Reached XP level 2. HP: 24/24 MP: 2/2
   165 | D:1      | Gained mutation: You are partially covered in iridescent scales. (AC +2) [potion of mutation]
   165 | D:1      | Gained mutation: You are clumsy. (Dex -2) [potion of mutation]
   165 | D:1      | Gained mutation: You have a beak for a mouth. [potion of mutation]
   165 | D:1      | Gained mutation: You possess an exceptional clarity of mind. [potion of mutation]
   215 | D:1      | Reached XP level 3. HP: 21/29 MP: 3/3
   888 | D:2      | Found a burning altar of Makhleb.
   891 | D:2      | Reached XP level 4. HP: 29/35 MP: 4/4
   951 | D:2      | Reached skill level 5 in Shields
  1583 | D:2      | Reached XP level 5. HP: 19/41 MP: 5/5
  2074 | D:3      | Lost mutation: You possess an exceptional clarity of mind. [potion of mutation]
  2074 | D:3      | Lost mutation: You are partially covered in iridescent scales. (AC +2) [potion of mutation]
  2074 | D:3      | Lost mutation: You are clumsy. (Dex -2) [potion of mutation]
  2074 | D:3      | Gained mutation: You have sharp toenails. [potion of mutation]
  2098 | D:3      | Noticed Schiappus's ghost (amateur DsBe)
  2109 | D:3      | Killed Schiappus's ghost
  2109 | D:3      | Reached XP level 6. HP: 28/47 MP: 6/6
  2308 | D:3      | Found a glowing golden altar of the Shining One.
  2363 | D:3      | Found a shattered altar of Ashenzari.
  2363 | D:3      | Found a snail-covered altar of Cheibriados.
  2688 | D:4      | Noticed Schiappus's ghost (amateur DrBe)
  2692 | D:4      | Reached skill level 5 in Axes
  2701 | D:4      | Reached XP level 7. HP: 35/52 MP: 7/7
  2710 | D:4      | Killed Schiappus's ghost
  2710 | D:4      | Reached skill level 5 in Armour
  2767 | D:4      | Found a blossoming altar of Fedhas.
  2840 | D:4      | Reached XP level 8. HP: 17/58 MP: 8/8
  3184 | D:4      | Found a stormy altar of Qazlal.
  3192 | D:4      | Became a worshipper of Qazlal Stormbringer
  3266 | D:4      | Noticed Edmund
  3275 | D:4      | Killed Edmund
  3612 | D:5      | Entered Level 5 of the Dungeon
  3612 | D:5      | Noticed Duvessa
  3612 | D:5      | Noticed Dowan
  3622 | D:5      | Killed Dowan
  3634 | D:5      | Killed Duvessa
  3634 | D:5      | Reached skill level 1 in Invocations
  3784 | D:5      | Reached skill level 2 in Invocations
  3789 | D:5      | Found a staircase to the Ecumenical Temple.
  3825 | Temple   | Entered the Ecumenical Temple
  4056 | D:5      | Reached XP level 9. HP: 63/64 MP: 10/10
  4094 | D:5      | Noticed Schiappus's ghost (novice DsBe)
  4114 | D:5      | Killed Schiappus's ghost
  4114 | D:5      | Reached skill level 3 in Invocations
  4156 | D:5      | Reached skill level 4 in Invocations
  4435 | D:5      | Reached * piety under Qazlal
  4868 | D:6      | Found a glowing drain.
  4897 | Sewer    | Entered a sewer
  5193 | Sewer    | Reached ** piety under Qazlal
  5591 | D:6      | Reached skill level 5 in Invocations
  5611 | D:6      | Noticed manon's ghost (novice GrFi)
  5621 | D:6      | Killed manon's ghost
  5626 | D:6      | Reached XP level 10. HP: 34/73 MP: 12/14
  5694 | D:6      | Reached skill level 5 in Fighting
  5694 | D:6      | Reached skill level 6 in Invocations
  6240 | D:6      | Found Ciosoyva's Magic Scroll Boutique.
  6244 | D:6      | Bought a scroll of brand weapon for 240 gold pieces
  6455 | D:7      | Reached skill level 7 in Invocations
  6741 | D:7      | Reached *** piety under Qazlal
  6872 | D:7      | Found a shimmering altar of Xom.
  7158 | D:7      | Got a smoking robe
  7159 | D:7      | Identified the +5 robe "Wuich" {*Slow +Inv rElec} (You found it on level 7 of the Dungeon)
  7238 | D:7      | HP: 2/77 [slime creature (8)]
  7240 | D:7      | Reached skill level 8 in Invocations
  7466 | D:7      | Noticed a two-headed ogre
  7471 | D:7      | Killed a two-headed ogre
  7471 | D:7      | Reached skill level 10 in Axes
  7649 | D:8      | Reached skill level 1 in Dodging
  7649 | D:8      | Reached XP level 11. HP: 84/84 MP: 17/17
  7833 | D:8      | Noticed a cyclops
  7840 | D:8      | Reached skill level 9 in Invocations
  7849 | D:8      | Killed a cyclops
  7874 | D:8      | Noticed Dominolapin's ghost (novice OgSu)
  7896 | D:8      | Killed Dominolapin's ghost
  7990 | D:8      | Reached skill level 5 in Dodging
  8714 | D:8      | Reached **** piety under Qazlal
  8759 | D:8      | Found a sparkling altar of Nemelex Xobeh.
  9076 | D:9      | Noticed Erica
  9090 | D:9      | Killed Erica
  9090 | D:9      | Reached skill level 10 in Invocations
  9092 | D:9      | Noticed Psyche
  9095 | D:9      | Killed Psyche
  9117 | D:9      | Noticed Grum
  9128 | D:9      | Killed Grum
  9152 | D:9      | Noticed Wraith's ghost (amateur TrBe)
  9165 | D:9      | Noticed Pikel
  9165 | D:9      | Killed Wraith's ghost
  9171 | D:9      | Killed Pikel
  9245 | D:9      | Found a deep blue altar of Sif Muna.
  9252 | D:9      | Reached XP level 12. HP: 59/91 MP: 19/19
  9717 | D:10     | Entered Level 10 of the Dungeon
  9742 | D:10     | Reached skill level 1 in Throwing
 10306 | D:10     | Reached skill level 11 in Invocations
 10874 | D:10     | Reached skill level 5 in Throwing
 11245 | D:10     | Found a staircase to the Orcish Mines.
 11957 | D:11     | Found a staircase to the Lair.
 12697 | D:12     | Noticed a two-headed ogre
 12704 | D:12     | Killed a two-headed ogre
 12704 | D:12     | Reached skill level 12 in Invocations
 12733 | D:12     | Noticed Frances
 12745 | D:12     | Killed Frances
 12748 | D:12     | Reached XP level 13. HP: 94/96 MP: 13/22
 13338 | D:12     | Noticed a seven-headed hydra
 13348 | D:12     | Killed a seven-headed hydra
 13348 | D:12     | Reached skill level 13 in Invocations
 13551 | D:12     | Found a shattered altar of Ashenzari.
 13702 | D:12     | Found a basalt altar of Yredelemnul.
 14302 | Lair:1   | Entered Level 1 of the Lair of Beasts
 14437 | Lair:1   | Identified the Papyrus of Moulding and Blows and Bruises
 15339 | Lair:2   | Noticed Fannar
 15368 | Lair:2   | Killed Fannar
 15443 | Lair:2   | Found a hole to the Spider Nest.
 15507 | Lair:2   | Reached skill level 10 in Armour
 16672 | Lair:2   | Reached skill level 10 in Shields
 16715 | Lair:3   | Reached XP level 14. HP: 41/103 MP: 23/23
 16800 | Lair:3   | Reached ***** piety under Qazlal
 17638 | Lair:4   | Found a staircase to the Swamp.
 17670 | Lair:3   | HP: 5/103 [catoblepas/blast of calcifying dust (9)]
 17681 | Lair:3   | HP: 3/103 [catoblepas/blast of calcifying dust (5)]
 18921 | Lair:4   | Found a runed door.
 19048 | Lair:4   | Identified a scroll of acquirement
 20065 | Lair:5   | Reached skill level 14 in Invocations
 20072 | Lair:5   | Reached XP level 15. HP: 39/113 MP: 13/25
 20435 | Lair:5   | Found a hide-covered altar of Uskayaw.
 20967 | Lair:5   | Found a staircase to the Slime Pits.
 21237 | Lair:6   | Entered Level 6 of the Lair of Beasts
 21237 | Lair:6   | Noticed Kirke
 21368 | Lair:6   | Reached skill level 10 in Fighting
 21412 | Lair:6   | Killed Kirke
 21720 | Lair:6   | Reached skill level 15 in Invocations
 23589 | D:13     | Found a runed door.
 23671 | D:13     | Reached XP level 16. HP: 92/125 MP: 27/27
 25211 | D:14     | Found a gate to the Vaults.
 25861 | D:15     | Entered Level 15 of the Dungeon
 26288 | D:15     | Noticed Louise
 26313 | D:15     | Killed Louise
 26769 | D:15     | Found a staircase to the Depths.
 27879 | Spider:1 | Entered Level 1 of the Spider Nest
 28631 | Spider:1 | Noticed Asterion
 28644 | Spider:1 | HP: 1/127 [Asterion/demon whip of draining (14)]
 28644 | Spider:1 | Mangled by Asterion

Skill      XL: |  1  2  3  4  5  6  7  8  9 10 11 12 13 14 15 16 |
---------------+-------------------------------------------------+-----
Shields        | 4 5 6 10 11 12 | 12.5
Axes           | 3 4 5 6 7 8 10 11 13 | 13.4
Armour         | 4 5 7 8 10 11 | 11.7
Invocations    | 2 5 8 10 12 13 14 15 | 15.8
Fighting       | 4 7 9 11 | 11.7
Dodging        | 1 7 |  7.3
Throwing       | 5 7 9 |  9.4

Action                   |  1- 3 |  4- 6 |  7- 9 | 10-12 | 13-15 | 16-18 || total
-------------------------+-------+-------+-------+-------+-------+-------++-------
Melee: War axe           |    91 |   125 |   276 |   607 |       |       ||  1099
       Peck              |     5 |    19 |    51 |   152 |   223 |    79 ||   529
       Kick              |       |    18 |    91 |   200 |    55 |       ||   364
       Battleaxe         |       |       |       |    51 |   501 |       ||   552
       Broad axe         |       |       |       |       |   364 |   351 ||   715
Throw: Javelin           |       |     2 |       |     5 |    21 |     5 ||    33
       Tomahawk          |       |       |       |       |       |     1 ||     1
Invok: Upheaval          |       |       |       |    11 |    16 |     5 ||    32
       Elemental Force   |       |       |       |     3 |     6 |     1 ||    10
       Disaster Area     |       |       |       |       |     1 |     2 ||     3
 Abil: Dig               |     4 |     8 |     6 |     8 |     7 |     3 ||    36
Evoke: Wand              |       |       |       |     4 |    14 |     4 ||    22
  Use: Scroll            |     2 |     3 |     6 |    12 |     8 |     3 ||    34
       Potion            |     2 |     2 |     4 |    14 |     6 |     6 ||    34
 Stab: Invisible         |       |     1 |       |       |       |       ||     1
       Distracted        |       |       |       |     1 |       |       ||     1
       Petrified         |       |       |       |       |    10 |       ||    10
  Eat: Chunk             |       |     5 |    10 |    24 |    17 |     4 ||    60
       Royal jelly       |       |     1 |       |     1 |       |       ||     2
       Bread ration      |       |       |       |       |     5 |     2 ||     7
       Fruit             |       |       |       |       |     1 |       ||     1
       Meat ration       |       |       |       |       |       |     1 ||     1
Armor: Scale mail        |    62 |    44 |    11 |    53 |    11 |       ||   181
       Ring mail         |       |       |    50 |    69 |       |       ||   119
       Skin              |       |       |       |     4 |     7 |     3 ||    14
       Chain mail        |       |       |       |       |    57 |       ||    57
       Plate armour      |       |       |       |       |   207 |   131 ||   338
Dodge: Dodged            |    30 |    34 |    82 |   251 |   257 |    93 ||   747
       Deflected         |       |       |       |     1 |     2 |     3 ||     6
Block: Shield            |    51 |    79 |   139 |   601 |   863 |   182 ||  1915
       Large shield      |       |       |       |       |       |   248 ||   248
